 Dungeon Crawl Stone Soup version 0.31-a0-875-g02e7d12df6 (webtiles) character file.

Game seed: 64965391445535795

130 cforsyth the Magician (level 5, -11/60 HPs)
             Began as a Djinni Necromancer on Oct 12, 2023.
             Killed from afar by Ijyb (21 damage)
             ... with a bolt of light
             ... on level 3 of the Dungeon.
             The game lasted 00:03:09 (1676 turns).

cforsyth the Magician (Djinni Necromancer)          Turns: 1676, Time: 00:03:10

Health: -11/60     AC:  3    Str:  7    XL:     5   Next: 36%
Gold:   132        EV: 12    Int: 19    God:
                   SH:  0    Dex: 13

rFire   + + .        p - +3 short sword
rCold   x . .        (no shield)
rNeg    . . .        a - +0 robe
rPois   ∞            (no helmet)
rElec   .            (no cloak)
rCorr   .            o - +0 pair of gloves
SInv    .            (boots unavailable)
Will    .....        (no amulet) Stlth
                     (no ring)
HPRegen 0.30/turn    (no ring)
MPRegen 0.00/turn

%: infuse magic (-12 HP)
@: berserking, flying, very quick
A: sickness immunity, fire resistance 2, cold vulnerability 1, float, innate
caster, HP casting, extra vitality 1
a: no special abilities


You were on level 3 of the Dungeon.
You visited 1 branch of the dungeon, and saw 3 of its levels.

You collected 152 gold pieces.
You spent 20 gold pieces at shops.

Inventory:

Hand Weapons
 p - a +3 short sword (weapon)
Armour
 a - a +0 robe (worn)
 j - +0 ice dragon scales
 o - a +0 pair of gloves (worn)
Scrolls
 b - a scroll of identify {unknown}
 c - a scroll of amnesia {unknown}
 h - a scroll of enchant weapon {unknown}
 k - a scroll of teleportation {unknown}
 m - a scroll of noise {unknown}
 n - a scroll of immolation {unknown}
Potions
 d - a potion of magic {unknown}
 e - a potion of curing {unknown}
 f - a potion of berserk rage
 g - a potion of mutation {unknown}
 i - a potion of might {unknown}
 l - a potion of heal wounds {unknown}


   Skills:
 + Level 3.1 Fighting
 - Level 2.1 Dodging
 - Level 1.5 Stealth
 + Level 4.2 Spellcasting
 + Level 4.2 Conjurations
 + Level 4.2 Hexes
   Level 0.0 Charms
 + Level 4.2 Summonings
 + Level 4.2 Necromancy
 + Level 4.2 Translocations
 + Level 4.2 Transmutations
 + Level 4.2 Fire Magic
 + Level 4.2 Ice Magic
 + Level 4.2 Air Magic
 + Level 4.2 Earth Magic
 + Level 4.2 Poison Magic


You knew the following spells:

 Your Spells              Type           Power      Damage    Failure   Level
a - Necrotise             Necr           80%        1d8       2%          1
b - Vampiric Draining     Necr           20%        2d7       7%          3
c - Animate Dead          Necr           20%        N/A       24%         4
d - Agony                 Necr           20%        N/A       54%         5
e - Magic Dart            Conj           80%        1d7       2%          1
f - Wereblood             Tmut           20%        N/A       3%          2
Your spell library was empty.

Dungeon Overview and Level Annotations

Branches:
Dungeon (3/15)

Altars:
Uskayaw
Xom

Shops:
D:1 (??=*

Annotations:
D:3 Ijyb


Innate Abilities, Weirdness & Mutations

You are immune to sickness and miasma.
You are immune to poison.
Your flesh is very heat resistant. (rF++)
You are vulnerable to cold. (rC-)
You float through the air rather than walking.
You learn spells naturally, not from books.
Your magical power is your life essence.
You have superior vitality. (+4 MHP)


Message History

You kill Natasha!
Natasha screams in fury as she dies!
The dead are walking!
Your Fighting skill increases to level 3!
You can't see any susceptible monsters within range! (Use Z to cast anyway.)
You can't see any susceptible monsters within range! (Use Z to cast anyway.)
You can't see any susceptible monsters within range! (Use Z to cast anyway.)
Your orc skeleton crumbles into dust!
You swap places.
Natasha crumbles into dust!
Ijyb the Twisted Goblin comes into view.
She is wielding a +0 dagger and carrying a wand of light.
Found a falchion.
Ijyb shouts!
Ijyb is nearby!
Ijyb is nearby!
Ijyb writhes in agony.
Ijyb barely misses you.
Ijyb writhes in agony.
Ijyb zaps a wand.
The bolt of light hits you!!
You are too injured to fight recklessly!
You are too injured to fight recklessly!
You are too injured to fight recklessly!
You aren't carrying any items that you can evoke.
Okay, then.
It was a potion of berserk rage.
A red film seems to cover your vision as you go berserk!
You feel yourself moving faster!
You feel mighty! Ijyb hits you with a +0 dagger.
You closely miss Ijyb.
Ijyb is moderately wounded.
Ijyb zaps a wand.
The bolt of light hits you!
* * * LOW HITPOINT WARNING * * *
You puncture Ijyb!
Ijyb is severely wounded.
You closely miss Ijyb.
Ijyb is severely wounded.
Ijyb hits you with a +0 dagger.
* * * LOW HITPOINT WARNING * * *
You hit Ijyb.
Ijyb is almost dead.
Ijyb zaps a wand.
The bolt of light hits you!!
You die...

##.....#...##
#####.....# ....
###.........###......
....._..............
.......##..####.... .
.##..####.†...###.# ##..
.###.[....###.....#....#
## #####..# #.#....####
.# #......####..@g......
.###.......[....##.#.).#
..##......####..## # .
#.##......#......#
#.##.>......####.#
#.##......# #.####
#.........# #....##
......)...# ####..#
.###......# ####.##


You could see Ijyb.

Vanquished Creatures
  Natasha (D:3)
  3 adders
  2 worms (D:3)
  A dart slug (D:1)
  6 orcs
  4 ball pythons
  2 bats
  4 endoplasms
  2 giant cockroaches
  8 goblins
  4 hobgoblins
  6 jackals
  A quokka (D:1)
  9 kobolds
  3 rats
56 creatures vanquished.

Vanquished Creatures (collateral kills)
  A jackal (D:1)
  A bat (D:1)
  A frilled lizard (D:2)
  A kobold (D:1)
  A butterfly (D:3)
5 creatures vanquished.

Grand Total: 61 creatures vanquished

Notes
Turn   | Place    | Note
-------+----------+-------------------------------------------
     0 | D:1      | cforsyth the Djinni Necromancer began the quest for the
                  | Orb.
     0 | D:1      | cforsyth set off with the following spells memorised:
                  | Necrotise, Vampiric Draining, Animate Dead, Agony.
     0 | D:1      | Reached XP level 1. HP: 15/15 MP: 0/0
   110 | D:1      | Found Ilao's Magic Scroll Emporium.
   145 | D:1      | Reached XP level 2. HP: 18/22 MP: 0/0
   166 | D:1      | Found Zokaph's Jewellery Shop.
   168 | D:1      | Reached skill level 1 in Fighting
   232 | D:1      | Found Edghuige's Assorted Antiques.
   262 | D:1      | Reached XP level 3. HP: 10/27 MP: 0/0
   262 | D:1      | Learned a level 1 spell: Magic Dart
   336 | D:1      | Bought a blue potion for 20 gold pieces
   400 | D:1      | Found Sovvit's Magic Scroll Boutique.
   530 | D:1      | Found Ysiticim's Weapon Boutique.
   908 | D:2      | Reached XP level 4. HP: 27/33 MP: 0/0
   936 | D:2      | Found a hide-covered altar of Uskayaw.
  1356 | D:3      | Found a shimmering altar of Xom.
  1399 | D:3      | Reached XP level 5. HP: 25/39 MP: 0/0
  1399 | D:3      | Learned a level 2 spell: Wereblood
  1622 | D:3      | Noticed Natasha
  1625 | D:3      | Killed Natasha
  1669 | D:3      | Noticed Ijyb
  1676 | D:3      | Killed from afar by Ijyb

Illustrated notes

Levels and vault maps discovered:
D:1:      minmay_arrival_hallway, layout_basic, serial_shops, shop_statue,
          nicolae_diamond_shop, shop, nicolae_shop_rolling_square,
          nicolae_shop_gibbet_a_chance
D:2:      layout_rooms, basic_altar, minmay_hexomino_f4
D:3:      layout_rooms, xom_butterflies, uniq_grinder, uniq_natasha, uniq_ijyb

Skill      XL: |  1  2  3  4  5 |
---------------+----------------+-----
Fighting       | 1 2 3 |  3.1
Spellcasting   | 4 |  4.2
Conjurations   | 4 |  4.2
Hexes          | 4 |  4.2
Summonings     | 4 |  4.2
Necromancy     | 4 |  4.2
Translocations | 4 |  4.2
Transmutations | 4 |  4.2
Fire Magic     | 4 |  4.2
Ice Magic      | 4 |  4.2
Air Magic      | 4 |  4.2
Earth Magic    | 4 |  4.2
Poison Magic   | 4 |  4.2
Dodging        | |  2.1
Stealth        | |  1.5

Action                     |  1- 3 |  4- 6 || total
---------------------------+-------+-------++-------
  Melee: Short sword       |       |     4 ||     4
   Cast: Necrotise         |    63 |    52 ||   115
    Use: Potion            |       |     1 ||     1
 Armour: Robe              |     9 |     8 ||    17
  Dodge: Dodged            |     7 |     5 ||    12

Table legend: (Time is in decaauts)
 A = Elapsed time spent in this place.
 B = Non-inter-level travel time spent in this place.
 C = Inter-level travel time spent in this place.
 D = Time resting spent in this place.
 E = Time spent auto-exploring this place.
 F = Levels seen in this place.
 G = Mean time per level.
                   A        B        C        D        E       F      G
               +--------+--------+--------+--------+--------+-----+--------+
         Total |   1673 |   1658 |     15 |      0 |   1336 |   3 |  557.7 |
       Dungeon |   1673 |   1658 |     15 |      0 |   1336 |   3 |  557.7 |
               +--------+--------+--------+--------+--------+-----+--------+

Top non-repeatable levels by time:
     D:1: 731 daAuts
     D:2: 569 daAuts
     D:3: 373 daAuts
